 Dungeon Crawl Stone Soup version 0.31-a0-222-gefeffbb62a (webtiles) character file.

Game seed: 8128675566359519440

119 puppykicker the Shooter (level 4, 0/24 HPs)
             Began as a Deep Elf Hexslinger on July 6, 2023.
             Slain by a river rat (6 damage)
             ... on level 3 of the Dungeon.
             The game lasted 00:08:14 (2515 turns).

puppykicker the Shooter (Deep Elf Hexslinger)       Turns: 2515, Time: 00:08:14

Health: 0/24       AC:  3    Str:  5    XL:     4   Next: 74%
Magic:  8/8        EV: 13    Int: 18    God:
Gold:   50         SH:  5    Dex: 19    Spells: 5/6 levels left

rFire   . . .        a - +1 sling
rCold   . . .        (no shield)
rNeg    . . .        c - +0 robe
rPois   .            (no helmet)
rElec   .            (no cloak)
rCorr   .            e - +0 pair of gloves
SInv    .            (no boots)
Will    +....        n - amulet of reflection
Stlth   +            s - ring of willpower
HPRegen 0.24/turn    (no ring)
MPRegen 0.11/turn

%: reflection
@: hasted, slow
A: no striking features
a: no special abilities


You were on level 3 of the Dungeon.
You visited 1 branch of the dungeon, and saw 3 of its levels.

You collected 154 gold pieces.
You spent 104 gold pieces at shops.

Inventory:

Hand Weapons
 a - a +1 sling (weapon)
 b - a +1 short sword of venom
Missiles
 q - 5 atropa-tipped darts
 w - 3 poisoned darts
Armour
 c - a +0 robe (worn)
 e - a +0 pair of gloves (worn)
 u - an orb of guile
 x - a +0 leather armour of cold resistance {rC+}
Jewellery
 n - an amulet of reflection (around neck)
 p - a ring of ice {rC+, rF-}
 s - a ring of willpower (left hand)
Wands
 r - a wand of roots (9)
Scrolls
 d - a scroll of silence {unknown}
 f - a scroll of poison {!r}
 g - a scroll of brand weapon {unknown}
 h - a scroll of noise {unknown}
 i - a scroll of vulnerability {unknown}
 j - a scroll of amnesia
 k - a scroll of immolation {unknown}
 o - a scroll of enchant armour {unknown}
 t - 2 scrolls of teleportation
 v - a scroll of identify {unknown}
Potions
 l - 5 potions of haste
 m - a potion of resistance {unknown}


   Skills:
 - Level 0.7 Fighting
 + Level 6.7 Ranged Weapons
 - Level 2.4 Dodging
 - Level 1.5 Spellcasting
 - Level 4.0 Hexes


You had 5 spell levels left.
You knew the following spells:

 Your Spells              Type           Power      Damage    Failure   Level
s - Slow                  Hex            60%        N/A       3%          1

Your spell library contained the following spells:

 Spells                   Type           Power      Damage    Failure   Level
 Inner Flame              Hex/Fire       8%         N/A       26%         3
 Portal Projectile        Hex/Tloc       16%        N/A       26%         3
 Poisonous Vapours        Pois/Air       2%         N/A       28%         2
 Cause Fear               Hex            7%         N/A       36%         4
 Mephitic Cloud           Conj/Pois/Air  1%         N/A       50%         3
 Freezing Cloud           Conj/Ice/Air   0%         6-21      99%         5


Dungeon Overview and Level Annotations

Branches:
Dungeon (3/15)

Altars:
Trog

Shops:
D:1 *


Message History

The river rat bites you.
You take 3 damage, and have 21/24 hp.
You shoot a sling bullet.
The sling bullet closely misses the river rat.
You hear the brisk rusting of a drain very nearby.
You block the river rat's attack.
You shoot a sling bullet.
The sling bullet closely misses the river rat.
The river rat barely misses you.
You shoot a sling bullet.
The sling bullet barely misses the river rat.
The river rat bites you but does no damage.
You shoot a sling bullet.
The sling bullet barely misses the river rat.
The river rat bites you.
You take 4 damage, and have 18/24 hp.
You shoot a sling bullet.
The sling bullet completely misses the river rat.
The river rat bites you.
You take 2 damage, and have 16/24 hp.
You shoot a sling bullet.
The sling bullet hits the river rat but does no damage.
The river rat bites you.
* * * LOW HITPOINT WARNING * * *
You take 5 damage, and have 11/24 hp.
MASSIVE DAMAGE!!
You are too injured to fight recklessly!
You are too injured to fight recklessly!
You are too injured to fight recklessly!
You are too injured to fight recklessly!
You feel yourself speed up.
The river rat bites you but does no damage.
The river rat bites you but does no damage.
The river rat attacks as you move away! The river rat misses you.
The river rat attacks as you move away! The river rat bites you.
* * * LOW HITPOINT WARNING * * *
You take 6 damage, and have 6/24 hp.
MASSIVE DAMAGE!!
The river rat attacks as you move away! The river rat bites you.
You die...

#..## #.#.#
#.## #.#.#
#†###### #.#.#
#..(.~~# ###..
#†.†~~~#
#....#~###
#...~~~#~~
#...~#~#~#####
#..~~@~#~~~~~#
#...~#r#~#
#...~#~#~#
#....#~~~#
##...#####
#####


You could see a river rat.

Levels and vault maps discovered:
D:1:      amcnicky_arrival_blooded_trapdoor, layout_basic, serial_shops, shop
D:2:      minmay_inner_zag, layout_basic, basic_ecumenical_altar
D:3:      layout_loops_ring, trog_butcher_becter, lightli_sewer_entry_pipes,
          hangedman_decor_riveting, uniq_terence, uniq_grinder

Notes
Turn   | Place    | Note
-------+----------+-------------------------------------------
     0 | D:1      | puppykicker the Deep Elf Hexslinger began the quest for the
                  | Orb.
     0 | D:1      | Reached XP level 1. HP: 11/11 MP: 5/5
    27 | D:1      | Reached skill level 3 in Ranged Weapons
    43 | D:1      | Identified a +0 pair of gloves
   153 | D:1      | Identified a +0 dagger
   188 | D:1      | Identified a +0 short sword of speed
   251 | D:1      | Identified a +1 dagger of freezing
   262 | D:1      | Identified a +1 sling
   273 | D:1      | Reached XP level 2. HP: 16/16 MP: 6/6
   293 | D:1      | Identified a +0 dagger
   317 | D:1      | Reached skill level 4 in Ranged Weapons
   381 | D:1      | Found Emuidir's Assorted Antiques.
   388 | D:1      | Bought a scroll labelled HEBOUCW MAKHA for 26 gold pieces
   388 | D:1      | Bought a scroll labelled ISYGHUIKHLO for 26 gold pieces
   393 | D:1      | Identified a +0 hand axe
   592 | D:1      | Identified a +0 dagger
   700 | D:1      | Bought a scroll labelled FOIBAU JOKUC for 26 gold pieces
   838 | D:1      | Identified a +0 tower shield
   955 | D:2      | Identified a +0 heavy hand axe
  1026 | D:2      | Reached XP level 3. HP: 20/20 MP: 7/7
  1040 | D:2      | Found a faded altar of an unknown god.
  1180 | D:1      | Bought a scroll labelled FOIBAU JOKUC for 26 gold pieces
  1317 | D:2      | Reached skill level 5 in Ranged Weapons
  1360 | D:2      | Identified a +0 dagger
  1380 | D:2      | Identified a +0 dagger
  1557 | D:2      | Identified a +0 hand axe
  1558 | D:2      | Identified a +0 scale mail
  1559 | D:2      | Identified a ring of ice
  1598 | D:2      | Identified a +0 dagger
  1711 | D:2      | Identified a ring of willpower
  1747 | D:2      | Reached XP level 4. HP: 24/24 MP: 8/8
  1835 | D:2      | Identified a +0 robe
  1896 | D:2      | Reached skill level 6 in Ranged Weapons
  2105 | D:3      | Identified an amulet of reflection
  2149 | D:3      | Identified 3 scrolls of teleportation
  2159 | D:3      | Identified an orb of guile
  2223 | D:3      | Identified a +0 hand axe
  2223 | D:3      | Identified a +0 leather armour
  2224 | D:3      | Identified a +0 hand axe
  2231 | D:3      | Identified a +0 short sword
  2231 | D:3      | Identified a +0 leather armour of cold resistance
  2231 | D:3      | Identified a +1 short sword of venom
  2252 | D:3      | Identified a +0 hand axe
  2252 | D:3      | Identified a +0 animal skin
  2267 | D:3      | Found a bloodstained altar of Trog.
  2327 | D:3      | Identified 7 potions of haste
  2400 | D:3      | HP: 6/24 [rat (1)]
  2514 | D:3      | HP: 6/24 [river rat (6)]
  2515 | D:3      | Slain by a river rat

Table legend: (Time is in decaauts)
 A = Elapsed time spent in this place.
 B = Non-inter-level travel time spent in this place.
 C = Inter-level travel time spent in this place.
 D = Time resting spent in this place.
 E = Time spent auto-exploring this place.
 F = Levels seen in this place.
 G = Mean time per level.
                   A        B        C        D        E       F      G
               +--------+--------+--------+--------+--------+-----+--------+
         Total |   2520 |   2332 |    188 |    146 |   1645 |   3 |  840.0 |
       Dungeon |   2520 |   2332 |    188 |    146 |   1645 |   3 |  840.0 |
               +--------+--------+--------+--------+--------+-----+--------+

Top non-repeatable levels by time:
     D:2: 1152 daAuts
     D:1: 950 daAuts
     D:3: 417 daAuts

Table legend:
 A = Kills in this place as a percentage of kills in the entire game.
 B = Kills by you in this place as a percentage of kills by you in the entire game.
 C = Kills by friends in this place as a percentage of kills by friends in the entire game.
 D = Other kills in this place as a percentage of other kills in the entire game.
 E = Experience gained in this place as a percentage of experience gained in the entire game.
 F = Experience gained in this place divided by the number of levels of this place that you have seen.
                   A       B       C       D       E      F
               +-------+-------+-------+-------+-------+----------------------
         Total | 100.0 | 100.0 |   N/A |   N/A | 100.0 |  57.0
       Dungeon | 100.0 | 100.0 |   N/A |   N/A | 100.0 |  57.0
               +-------+-------+-------+-------+-------+----------------------

Skill      XL: |  1  2  3  4 |
---------------+-------------+-----
Ranged Weapons | 3 4 5 6 |  6.7
Fighting       | |  0.7
Dodging        | |  2.4
Spellcasting   | |  1.5
Hexes          | |  4.0

Action                     |  1- 3 |  4- 6 || total
---------------------------+-------+-------++-------
  Melee: Short sword       |       |     8 ||     8
   Fire: Sling             |   104 |    67 ||   171
    Use: Scroll            |     1 |     1 ||     2
         Potion            |       |     2 ||     2
 Armour: Robe              |     5 |     4 ||     9
  Dodge: Dodged            |     8 |    21 ||    29
  Block: Other             |       |     7 ||     7

Vanquished Creatures
  4 adders
  2 river rats (D:3)
  3 worms (D:2)
  5 orcs (D:3)
  5 endoplasms
  A giant cockroach (D:1)
  2 goblins (D:1)
  3 hobgoblins
  5 kobolds
  2 quokkas (D:1)
  5 ball pythons
  7 bats
  3 frilled lizards
  6 rats
53 creatures vanquished.
